 Dungeon Crawl Stone Soup version 0.30.1-4-g462c640d31 (webtiles) character file.

Game seed: 17503214437577391862

8124 mortz the Geomancer (level 11, -5/54 HPs)
             Began as a Gargoyle Earth Elementalist on Sept 16, 2023.
             Was an Elder of Vehumet.
             Shot with an arrow by a centaur warrior (19 damage)
             ... on level 10 of the Dungeon on Sept 17, 2023.
             The game lasted 01:13:40 (14429 turns).

mortz the Geomancer (Gargoyle Earth Elementalist)  Turns: 14429, Time: 01:13:41

Health: -5/54      AC: 30    Str: 12    XL:     11   Next: 26%
Magic:  30/30      EV:  8    Int: 20    God:    Vehumet [****..]
Gold:   276        SH:  6    Dex:  8    Spells: 9/23 levels left

rFire   + + .        K - +5 long sword
rCold   x . .        l - +2 buckler
rNeg    + + .        N - +6 fire dragon scales of Fabulous Surprise {+Blink rPois rF++ rC- rN+ Dex-2}
rPois   ∞            (no helmet)
rElec   +            P - +0 cloak
rCorr   .            A - +2 pair of gloves
SInv    .            f - +2 pair of boots
Will    .....        (no amulet) Stlth
                     R - ring of magical power
HPRegen 0.29/turn    E - ring of wizardry
MPRegen 0.22/turn

%: wizardry (x1)
@: no status effects
A: sickness immunity, AC +8, negative energy resistance 1, electricity
resistance, torment resistance 1, petrification resistance
a: Renounce Religion, Evoke Blink


You were on level 10 of the Dungeon.
You worshipped Vehumet.
Vehumet was greatly pleased with you.
You visited 2 branches of the dungeon, and saw 11 of its levels.

You collected 606 gold pieces.
You spent 330 gold pieces at shops.

Inventory:

Hand Weapons
 a - a +0 spear
 C - a +1 heavy flail
 G - a +4 dagger
 H - a +3 battleaxe
 I - a +1 hand axe of flaming
 J - a +2 mace of freezing
 K - a +5 long sword (weapon)
Missiles
 c - 6 throwing nets
 d - 3 boomerangs of dispersal
 g - 4 silver javelins
 j - 2 atropa-tipped darts
 n - 5 boomerangs
 s - 6 poisoned darts
 T - 2 curare-tipped darts
Armour
 f - a +2 pair of boots (worn)
 i - a +1 robe of fire resistance
 k - a +0 leather armour of cold resistance
 l - a +2 buckler (worn)
 A - a +2 pair of gloves (worn)
 N - the +6 fire dragon scales of Fabulous Surprise (worn) {+Blink rPois rF++ rC- rN+ Dex-2}
   (You found it on level 8 of the Dungeon)

   Dex:       It affects your dexterity (-2).
   rF:        It greatly protects you from fire.
   rC:        It makes you vulnerable to cold.
   rPois:     It protects you from poison.
   rN:        It protects you from negative energy.
   +Blink:    It lets you blink.
 P - a +0 cloak (worn)
 U - a +2 robe of willpower
 W - the +1 leather armour of Dishonesty {Dex+3}
   (You took it off an orc wizard on level 10 of the Dungeon)

   Dex:       It affects your dexterity (+3).
Jewellery
 E - a ring of wizardry (right hand)
 F - a ring of ice
 L - a +6 ring of intelligence
 O - a ring of willpower
 R - a ring of magical power (left hand)
Wands
 r - a wand of mindburst (20)
 u - a wand of flame (16)
 w - a wand of polymorph (7)
Scrolls
 e - 3 scrolls of teleportation
 o - 2 scrolls of fog
 y - 2 scrolls of poison
 B - a scroll of butterflies
 D - 2 scrolls of fear
 Q - a scroll of enchant weapon
Potions
 b - 5 potions of magic
 h - 3 potions of might
 m - 2 potions of brilliance
 p - 4 potions of lignification
 q - 2 potions of heal wounds {unknown}
 t - 5 potions of curing
 v - a potion of mutation {unknown}
 x - a potion of haste {unknown}
 z - 3 potions of ambrosia {unknown}
 M - 2 potions of attraction {unknown}
 V - a potion of flight {unknown}
Miscellaneous
 S - a condenser vane


   Skills:
 + Level 3.6 Armour
 - Level 1.5 Dodging
 - Level 2.1 Stealth
 - Level 5.4 Shields
 + Level 6.6 Spellcasting
 - Level 6.2 Conjurations
 * Level 7.6 Transmutations
 * Level 11.2 Earth Magic
 * Level 2.9 Evocations


You had 9 spell levels left.
You knew the following spells:

 Your Spells              Type           Power      Damage    Failure   Level
a - Sandblast             Erth           100%       2d20      1%          1
b - Shock                 Conj/Air       76%        1d7       3%          1
c - Dazzling Flash        Conj/Hex       38%        N/A       9%          3
p - Petrify               Tmut/Erth      44%        N/A       8%          4
s - Stone Arrow           Conj/Erth      82%        3d12      1%          3
w - Passwall              Tmut/Erth      36%        N/A       1%          2

Your spell library contained the following spells:

 Spells                   Type           Power      Damage    Failure   Level
 Yara's Violent Unravell  Hex/Tmut       10%        3d6       43%         5
 Tukima's Dance           Hex            6%         N/A       69%         3
 Eringya's Noxious Bog    Tmut/Pois      10%        N/A       90%         6
 Passage of Golubria      Tloc           6%         N/A       96%         4
 Summon Forest            Summ/Tloc      3%         N/A       100%        5
 Summon Hydra             Summ           3%         N/A       100%        7


Dungeon Overview and Level Annotations

Branches:
Dungeon (10/15) Zot: 25339  Temple (1/1) D:7 Zot: 5725    Lair (0/5) D:10
    Orc: D:9-12

Altars:
Ashenzari
Cheibriados
Dithmenos
Elyvilon
Fedhas
Gozag
Hepliaklqana
Kikubaaqudgha
Makhleb
Nemelex Xobeh
Okawaru
Qazlal
Ru
Sif Muna
Trog
Uskayaw
Vehumet
Wu Jian
Xom
Yredelemnul
Zin
The Shining One

Shops:
D:6 *   D:10 =

Annotations:
D:3 2 runed translucent doors, bronco's ghost, amateur FoEE
D:5 Edmund
D:9 Erica


Innate Abilities, Weirdness & Mutations

You are immune to sickness and miasma.
Your stone body is resilient. (AC +8)
You are immune to poison.
You resist negative energy. (rN+)
You are resistant to electric shocks. (rElec)
You are resistant to unholy torment.
You are immune to petrification.


Message History

There is a stone staircase leading up here.
There is a large open door here.
An electric eel comes into view.
Casting: Stone Arrow (safe; 1% risk of failure)
Confirm with . or Enter, or press ? or * to list all spells.
Aiming: Petrify (dangerous; 8% risk of failure)
Press: ? - help, Shift-Dir - straight line, f - electric eel
Aim: an electric eel (wandering, hasn't noticed you, chance to affect: 76%)
The electric eel is moving more slowly.
There is a large open door here.
The electric eel stops moving altogether!
You enter the shallow water.
Moving in this stuff is going to be slow.
The stone arrow hits the electric eel!
The electric eel is moderately wounded.
The stone arrow hits the electric eel!!
The electric eel is almost dead.
The stone arrow hits the electric eel!!
You kill the electric eel!
Vehumet accepts your kill.
Vehumet is now extending the range of your destructive spells.
There is a large open door here.
A centaur warrior is nearby!
There is a stone staircase leading up here.
You climb upwards.
Level annotation: Erica
There is a stone staircase leading down here.
Magic restored.
Done exploring.
You climb downwards.
There is a stone staircase leading up here.
The centaur warrior shouts!
The centaur warrior shoots an arrow.
The arrow hits you!
The centaur warrior shoots an arrow.
The arrow hits you!!
* * * LOW HITPOINT WARNING * * *
Casting: Stone Arrow (safe; 1% risk of failure)
Confirm with . or Enter, or press ? or * to list all spells.
Okay, then.
The centaur warrior shoots an arrow.
The arrow hits you!!
You die...

## ############ .######
#..........# ......#######
#..........#
............######..........# #
.####.....#.....##....>.....#####
.#.............................>.
...#########...)##..........#####
.### ###..@...........# .#
##..###..........# .# #..##
#..........##### .# #c.#
#####........... .#
####''####..##.#######..# .#
##~~~..~~~##......# ##... .#
##~~~~..~~~~#####..####..## .#
#~~~~~..~c~~~##.......>.#.. .#
#~~~~~~..~~~~~~##...##...<.#


You could see a centaur warrior.

Vanquished Creatures
  A two-headed ogre (D:10)
  A deep elf pyromancer (D:10)
  A komodo dragon (D:10)
  A wraith (D:9)
  12 yaks
  A wyvern (D:8)
  3 steam dragons
  2 water moccasins
  4 orc warriors
  2 ice beasts (D:6)
  A sky beast (D:6)
  An ogre (D:9)
  4 centaurs
  3 phantoms
  4 gnoll sergeants
  2 scorpions (D:5)
  11 wights
  14 killer bees
  A howler monkey (D:9)
  An electric eel (D:10)
  A bullfrog zombie (D:5)
  A centaur zombie (D:5)
  5 hounds
  2 jellies (D:7)
  A human zombie (D:5)
  5 orc priests
  4 iguanas
  10 orc wizards
  A scorpion zombie (D:5)
  A hound zombie (D:5)
  3 mummies (D:5)
  25 gnolls
  9 adders
  4 white imps
  An adder zombie (D:5)
  2 worms
  2 dart slugs
  29 orcs
  6 endoplasms
  4 giant cockroaches
  10 goblins
  7 hobgoblins
  9 jackals
  5 kobolds
  5 quokkas
  6 ball pythons
  10 bats
  7 frilled lizards
  7 rats
252 creatures vanquished.

Notes
Turn   | Place    | Note
-------+----------+-------------------------------------------
     0 | D:1      | mortz the Gargoyle Earth Elementalist began the quest for
                  | the Orb.
     0 | D:1      | Reached XP level 1. HP: 10/10 MP: 3/3
   124 | D:1      | Reached skill level 1 in Transmutations
   275 | D:1      | Reached XP level 2. HP: 12/15 MP: 1/5
   398 | D:1      | Reached skill level 4 in Earth Magic
   680 | D:1      | Reached XP level 3. HP: 19/19 MP: 3/6
  1358 | D:2      | Reached XP level 4. HP: 24/24 MP: 4/8
  2168 | D:3      | Reached XP level 5. HP: 28/28 MP: 7/9
  2434 | D:3      | Found a runed translucent door.
  2435 | D:3      | Noticed bronco's ghost (amateur FoEE)
  2466 | D:3      | Found a runed translucent door.
  2581 | D:3      | Found a white marble altar of Elyvilon.
  2581 | D:3      | Found a bloodstained altar of Trog.
  2589 | D:3      | Found a radiant altar of Vehumet.
  2593 | D:3      | Learned a level 2 spell: Passwall
  2597 | D:3      | Learned a level 3 spell: Stone Arrow
  2598 | D:3      | Found a stormy altar of Qazlal.
  2599 | D:3      | Found a shimmering altar of Xom.
  2603 | D:3      | Became a worshipper of Vehumet
  2762 | D:4      | Reached skill level 1 in Shields
  3038 | D:4      | Reached skill level 1 in Conjurations
  3100 | D:4      | Reached skill level 5 in Earth Magic
  3100 | D:4      | Reached XP level 6. HP: 32/32 MP: 6/11
  3139 | D:4      | Found a snail-covered altar of Cheibriados.
  3471 | D:4      | Reached * piety under Vehumet
  3471 | D:4      | Offered knowledge of Shock by Vehumet.
  3857 | D:4      | Learned a level 1 spell: Shock
  3871 | D:5      | Entered Level 5 of the Dungeon
  4282 | D:5      | Reached XP level 7. HP: 36/36 MP: 7/12
  4473 | D:5      | Found a sparkling altar of Nemelex Xobeh.
  4645 | D:5      | Noticed Edmund
  4832 | D:5      | Found a basalt altar of Yredelemnul.
  4905 | D:5      | Reached skill level 6 in Earth Magic
  5097 | D:5      | Reached XP level 8. HP: 41/41 MP: 14/14
  5867 | D:6      | Reached skill level 7 in Earth Magic
  6217 | D:6      | Reached ** piety under Vehumet
  6217 | D:6      | Offered knowledge of Scorch by Vehumet.
  6443 | D:6      | Found a shimmering blue altar of Sif Muna.
  6518 | D:6      | Found a burning altar of Makhleb.
  6680 | D:6      | Found Varoghevuf's General Store.
  6684 | D:6      | Bought a ring of wizardry for 330 gold pieces
  6690 | D:6      | Learned a level 4 spell: Petrify
  7166 | D:7      | Reached XP level 9. HP: 45/45 MP: 12/16
  7547 | D:7      | Reached skill level 5 in Transmutations
  7650 | D:7      | Reached skill level 8 in Earth Magic
  7829 | D:6      | Reached skill level 5 in Spellcasting
  8288 | D:7      | Found a staircase to the Ecumenical Temple.
  8297 | Temple   | Entered the Ecumenical Temple
  8523 | D:7      | Offered knowledge of Momentum Strike by Vehumet.
  8761 | D:7      | Reached skill level 5 in Conjurations
  9112 | D:7      | Reached skill level 5 in Shields
 10190 | D:8      | Reached skill level 9 in Earth Magic
 10195 | D:8      | Reached *** piety under Vehumet
 10485 | D:8      | Reached XP level 10. HP: 50/50 MP: 6/18
 10753 | D:8      | Identified the +6 fire dragon scales of Fabulous Surprise
                  | {+Blink rPois rF++ rC- rN+ Dex-2}
 11167 | D:8      | Reached skill level 1 in Armour
 11498 | D:9      | Noticed Erica
 11781 | D:9      | Offered knowledge of Dazzling Flash by Vehumet.
 11786 | D:9      | Learned a level 3 spell: Dazzling Flash
 11908 | D:9      | Noticed a centaur warrior
 11930 | D:9      | Reached skill level 10 in Earth Magic
 12785 | D:10     | Entered Level 10 of the Dungeon
 13053 | D:10     | Noticed a two-headed ogre
 13065 | D:10     | Noticed a centaur warrior
 13198 | D:10     | Killed a two-headed ogre
 13199 | D:10     | Reached skill level 1 in Evocations
 13414 | D:10     | Found Duzapp's Jewellery Shop.
 13440 | D:10     | Found a staircase to the Lair.
 13503 | D:10     | Reached XP level 11. HP: 48/54 MP: 17/20
 13557 | D:10     | Identified the +1 leather armour of Dishonesty {Dex+3}
 13569 | D:10     | Reached skill level 11 in Earth Magic
 13734 | D:10     | Noticed a deep elf pyromancer
 14180 | D:10     | Killed a deep elf pyromancer
 14375 | D:10     | Reached **** piety under Vehumet
 14429 | D:10     | Shot with an arrow by a centaur warrior

Illustrated notes

Levels and vault maps discovered:
D:1:      dpeg_arrival_another_circle, layout_loops_cross
D:2:      layout_rooms, grunt_decor_arrowhead, chequers_serial_rivers_micro_a,
          minmay_misc_feat_diagonals
D:3:      cheibrodos_old_hovel, layout_loops_ring,
          chequers_temple_overflow_minitemple, ebering_ghost_sewer_f,
          minivault_26
D:4:      layout_basic, mainiacjoe_overflow_paths, grunt_ministairs_11
D:5:      layout_cave_pods, lemuel_mausoleum_altar_yredelemnul,
          old_standard_altar, uniq_edmund
D:6:      layout_layer_cave, mainiacjoe_overflow_large_starburst, serial_shops,
          nicolae_shop_back_alley_shop
D:7:      layout_gridville, minmay_temple_entry_slanted
D:8:      layout_loops_ring
D:9:      layout_basic, grunt_ogre_cave, lightli_corner_chamber, uniq_erica
D:10:     kennysheep_big_flooded_room, layout_rooms, dpeg_oklobed_lair,
          serial_shops, shop
Temple:   minmay_temple_bridge_abc

Skill      XL: |  1  2  3  4  5  6  7  8  9 10 11 |
---------------+----------------------------------+-----
Transmutations | 1 2 3 4 6 7 |  7.6
Earth Magic    | 4 5 6 7 9 10 11 | 11.2
Spellcasting   | 3 4 5 6 |  6.6
Shields        | 1 2 3 4 5 |  5.4
Conjurations   | 1 2 3 4 5 6 |  6.2
Armour         | 3 |  3.6
Evocations     | 1 2 |  2.9
Dodging        | |  1.5
Stealth        | |  2.1

Action                     |  1- 3 |  4- 6 |  7- 9 | 10-12 || total
---------------------------+-------+-------+-------+-------++-------
  Melee: Dagger            |       |       |    32 |    15 ||    47
         Long sword        |       |       |       |    16 ||    16
   Cast: Sandblast         |    46 |   114 |   108 |       ||   268
         Shock             |       |       |     2 |       ||     2
         Stone Arrow       |       |       |    97 |   127 ||   224
         Petrify           |       |       |    16 |    14 ||    30
         Passwall          |       |       |       |     4 ||     4
    Use: Scroll            |     1 |     9 |     4 |     2 ||    16
   Stab: Petrified         |       |       |       |     3 ||     3
 Armour: Robe              |     2 |    11 |    47 |     1 ||    61
         Fire dragon scale |       |       |       |    69 ||    69
  Dodge: Dodged            |     2 |    14 |    58 |    27 ||   101
  Block: Buckler           |       |     9 |    51 |    39 ||    99
